 Dungeon Crawl Stone Soup version 0.32-a0-699-g1ee5eff69a (webtiles) character file.

Game seed: 9980178127692923995

5 Malificent the Apothecary (level 1, 16/16 HPs)
             Began as an Oni Alchemist on Mar 13, 2024.
             Quit the game on level 1 of the Dungeon.
             The game lasted 00:02:00 (327 turns).

Malificent the Apothecary (Oni Alchemist)            Turns: 327, Time: 00:02:01

Health: 16/16      AC:  3    Str: 11    XL:     1   Next: 80%
Magic:  3/3        EV:  8    Int: 16    God:
Gold:   0          SH:  0    Dex:  9    Spells: 3/4 levels left

rFire   . . .        (no weapon)
rCold   . . .        (no shield)
rNeg    . . .        a - +0 robe
rPois   .            (helmet restricted)
rElec   .            (no cloak)
rCorr   .            (gloves unavailable)
SInv    .            (boots unavailable)
Will    .....        (no amulet)
Stlth   ++           (no ring)
HPRegen 0.22/turn    (no ring)
MPRegen 0.08/turn

%: no passive effects
@: no status effects
A: large, unfitting armour, horns 1, tough skin 1, double potion healing,
drunken brawling
a: no special abilities


You were on level 1 of the Dungeon.
You visited 1 branch of the dungeon, and saw 1 of its levels.

You collected 10 gold pieces.
You spent 10 gold pieces at shops.

Inventory:

Missiles
 e - 4 poisoned darts
Armour
 a - a +0 robe (worn)
Scrolls
 f - a scroll of amnesia {unknown}
Potions
 b - a potion of magic
 c - a potion of curing {unknown}
 d - a potion of lignification {unknown}


   Skills:
 + Level 1.9 Dodging
 + Level 1.6 Stealth
 + Level 2.4 Spellcasting
 + Level 0.8 Conjurations
 + Level 2.8 Alchemy


You had 3 spell levels left.
You knew the following spells:

 Your Spells              Type           Power      Damage    Failure   Level
a - Sting                 Conj/Alch      28%        1d4       10%         1

Your spell library contained the following spells:

 Spells                   Type           Power      Damage    Failure   Level
 Mercury Vapours          Alch/Air       12%        N/A       17%         2
 Mephitic Cloud           Conj/Alch/Air  5%         N/A       34%         3
 Olgreb's Toxic Radiance  Alch           11%        N/A       52%         4
 Sticky Flame             Fire/Alch      6%         2d4       73%         4


Dungeon Overview and Level Annotations

Branches:
Dungeon (1/15)

Altars:

Shops:
D:1 *


Innate Abilities, Weirdness & Mutations

You are too large for most types of armour.
You have a pair of small horns on your head.
You have tough skin. (AC +1)
You gain doubled healing and magic from potions.
Whenever you drink a healing potion, you attack all around you.


Message History

You see here 4 poisoned darts.
e - 4 poisoned darts
Things that are here:
a +0 dagger; a goblin corpse
There is an entrance to Iroaf's General Store here.
You can access your shopping list by pressing '$'.
f - a potion of degeneration Thank you for shopping at Iroaf's General Store!
You can access your shopping list by pressing '$'.
You drop a potion of degeneration.
There is an open door here.
Things that are here:
a +0 whip; 3 stones You open the door.
There is an open door here.
f - a scroll labelled RUNUCK QOKOOTZ
Found a ring mail.
You see here a +0 ring mail.
A ball python comes into view.
Casting: Sting (safe; 10% risk of failure)
Confirm with . or Enter, or press ? or * to list all spells.
Aiming: Sting (safe; 10% risk of failure)
Press: ? - help, Shift-Dir - straight line, f - ball python
Aim: a ball python (asleep, 100% to hit)
The sting hits the ball python.
The ball python is poisoned.
The ball python is moderately wounded.
Casting: Sting (safe; 10% risk of failure)
Confirm with . or Enter, or press ? or * to list all spells.
Aiming: Sting (safe; 10% risk of failure)
Press: ? - help, Shift-Dir - straight line, f/p - ball python
Aim: a ball python (severely wounded, poisoned, 64% to hit)
The sting hits the ball python.
The ball python looks even sicker.
You kill the ball python!
Magic restored.
Found a helmet.
You see here a +0 helmet.
Found 4 boomerangs.
A quokka comes into view.
The quokka moves out of view.
Are you sure you want to abandon this character and quit the game? (Confirm with "yes".)

###### #..... ######
#..... #....# #....r
####.#..##
##.....#######....#...#
.......@..............#
...#..............##..##
#....................
#..................##
###########...###..##
#####....## #....#.
######..#... ...........


You could see a quokka.

Vanquished Creatures
  A ball python (D:1)
  A kobold (D:1)
  2 bats (D:1)
  A goblin (D:1)
  A rat (D:1)
6 creatures vanquished.

Notes
Turn   | Place    | Note
-------+----------+-------------------------------------------
     0 | D:1      | Malificent the Oni Alchemist began the quest for the Orb.
     0 | D:1      | Reached XP level 1. HP: 16/16 MP: 3/3
   137 | D:1      | Found Iroaf's General Store.
   159 | D:1      | Bought a potion of degeneration for 10 gold pieces
   327 | D:1      | Quit the game

Illustrated notes

Levels and vault maps discovered:
D:1:      lightli_arrival_statuegarden, layout_basic, serial_shops,
          nicolae_shop_trees, chequers_serial_rivers_micro_a,
          minmay_pentomino_r2

Action                     || total
---------------------------++-------
  Melee: Unarmed           ||    21
         Headbutt          ||     8
   Cast: Sting             ||     6
 Armour: Robe              ||    70
  Dodge: Dodged            ||    36

Table legend: (Time is in decaauts)
 A = Elapsed time spent in this place.
 B = Non-inter-level travel time spent in this place.
 C = Inter-level travel time spent in this place.
 D = Time resting spent in this place.
 E = Time spent auto-exploring this place.
 F = Levels seen in this place.
 G = Mean time per level.
                   A        B        C        D        E       F      G
               +--------+--------+--------+--------+--------+-----+--------+
         Total |    327 |    327 |      0 |     49 |    172 |   1 |  327.0 |
       Dungeon |    327 |    327 |      0 |     49 |    172 |   1 |  327.0 |
               +--------+--------+--------+--------+--------+-----+--------+

Top non-repeatable levels by time:
     D:1: 327 daAuts
